 Dungeon Crawl Stone Soup version 0.28-a0-1235-g7c8fac35f0 (webtiles) character file.

Game seed: 3394655097179023905

902 kae the Cleaver (level 8, -9/64 HPs)
             Began as a Hill Orc Fighter on Dec 24, 2021.
             Mangled by Edmund (13 damage)
             ... on level 5 of the Dungeon.
             The game lasted 00:03:38 (6309 turns).

kae the Cleaver (Hill Orc Fighter)                  Turns: 6309, Time: 00:03:39

Health: -9/64      AC:  7    Str: 21    XL:     8   Next: 7%
Magic:  8/8        EV:  9    Int:  8    God:
Gold:   186        SH:  4    Dex: 10    Spells: 7/7 levels left

rFire   . . .      SeeInvis .   a - +0 war axe
rCold   . . .      Faith    .   c - +0 buckler
rNeg    . . .      Spirit   .   b - +1 scale mail
rPois   .          Reflect  .   (no helmet)
rElec   .          Harm     .   (no cloak)
rCorr   .          Rampage  .   (no gloves)
Will    .....                   (no boots)
Stlth   ..........              (no amulet)
HPRegen 0.20/turn               (no ring)
MPRegen 0.11/turn               (no ring)

@: no status effects
A: no striking features
a: no special abilities


You were on level 5 of the Dungeon.
You visited 1 branch of the dungeon, and saw 5 of its levels.

You collected 186 gold pieces.

Inventory:

Hand Weapons
 a - a +0 war axe (weapon)
Armour
 b - a +1 scale mail (worn)
 c - a +0 buckler (worn)
Jewellery
 j - a +6 ring of strength
Scrolls
 e - a scroll of fear
 h - 2 scrolls of enchant armour
 l - 2 scrolls of identify
Potions
 d - a potion of might
 f - 5 potions of curing
 g - a potion of brilliance
 i - a potion of haste


   Skills:
 - Level 3.6 Fighting
 + Level 11.6 Axes
 - Level 3.2 Armour
 - Level 4.0 Shields


You had 7 spell levels left.
You didn't know any spells.
Your spell library contained the following spells:

 Spells                   Type           Power      Damage    Failure   Level
 Petrify                  Tmut/Erth      0%         N/A       100%        4
 Metabolic Englaciation   Hex/Ice        0%         N/A       100%        5
 Statue Form              Tmut/Erth      0%         N/A       100%        6


Dungeon Overview and Level Annotations

Branches:
Dungeon (5/15)
 Temple: D:4-7

Altars:
Zin

Annotations:
D:4 3 runed translucent doors, Killmatronix's ghost, novice HuHu; kMk's ghost, amateur OpTm; kipponium's ghost, amateur GnCA; opoi33's ghost, weakling GrBe
D:5 2 transporters, Edmund; opoi33's ghost, novice GrBe


Message History

You are too injured to fight recklessly!
You are too injured to fight recklessly!
You are too injured to fight recklessly!
You are too injured to fight recklessly!
You are too injured to fight recklessly!
You hit Edmund.
Edmund is moderately wounded.
You barely miss Edmund.
Edmund is moderately wounded.
Edmund closely misses you.
You slash Edmund!
Edmund is heavily wounded.
You block Edmund's attack.
You hit Edmund but do no damage.
Edmund is heavily wounded.
Edmund closely misses you.
You hit Edmund.
Edmund is heavily wounded.
Edmund barely misses you.
You closely miss Edmund.
Edmund is heavily wounded.
Edmund closely misses you.
You closely miss Edmund.
Edmund is heavily wounded.
Edmund closely misses you.
You hit Edmund but do no damage.
Edmund is heavily wounded.
Edmund hits you with a +4 dire flail of protection!
You hit Edmund.
Edmund is severely wounded.
Edmund hits you with a +4 dire flail of protection!!
* * * LOW HITPOINT WARNING * * *
You slash Edmund!
Edmund is severely wounded.
Edmund hits you with a +4 dire flail of protection!
* * * LOW HITPOINT WARNING * * *
You hit Edmund.
Edmund is almost dead.
Edmund hits you with a +4 dire flail of protection!
You die...

..##...........# ##........#
..##...#.......# ##....######
.......#####(# ####...###
..###......#.######....#.#
...........#.##.....###..#
..###...........###.....##
..###...................#
........................#
#####...........@.......###
...##......###.@..........##
....#.................<....#
..........................#####
...........###................###
...†........###..........<.......
...#........# #.........###......
............###...#.....###......
..#.............#.........#######


You could see Edmund.

Vanquished Creatures
  An ice beast (D:5)
  An ogre (D:5)
  A wyvern zombie (D:5)
  2 scorpions (D:5)
  2 water moccasin skeletons (D:5)
  2 howler monkeys
  A bullfrog zombie (D:5)
  A hound (D:4)
  An orc priest (D:2)
  A jelly (D:5)
  2 iguanas (D:5)
  Natasha (thrice) (D:2)
  2 hound skeletons (D:4)
  4 adders
  An adder skeleton (D:4)
  A worm (D:4)
  A dart slug (D:3)
  3 orcs
  2 bats
  3 endoplasms
  A giant cockroach (D:2)
  9 goblins
  5 hobgoblins
  3 jackals (D:5)
  3 kobolds
  3 quokkas
  6 ball pythons
  3 frilled lizards
  4 rats
72 creatures vanquished.

Vanquished Creatures (others)
  2 withered plants (D:4)
2 creatures vanquished.

Grand Total: 74 creatures vanquished

Notes
Turn   | Place    | Note
-------+----------+-------------------------------------------
     0 | D:1      | kae the Hill Orc Fighter began the quest for the Orb.
     0 | D:1      | Reached XP level 1. HP: 19/19 MP: 1/1
   149 | D:1      | Reached skill level 3 in Axes
   401 | D:1      | Reached XP level 2. HP: 26/26 MP: 2/2
   462 | D:1      | Found a faded altar of an unknown god.
   929 | D:1      | Noticed a troll
  1207 | D:2      | Reached XP level 3. HP: 31/31 MP: 3/3
  1281 | D:2      | Noticed Natasha
  1291 | D:2      | Killed Natasha
  1292 | D:2      | Reached skill level 4 in Axes
  1318 | D:2      | Noticed Natasha
  1328 | D:2      | Killed Natasha
  1329 | D:2      | Reached skill level 6 in Axes
  1329 | D:2      | Reached XP level 4. HP: 14/39 MP: 4/4
  1631 | D:2      | Reached XP level 5. HP: 44/45 MP: 5/5
  1994 | D:2      | Noticed Natasha
  2011 | D:2      | Killed Natasha
  2910 | D:3      | You fall into a shaft and drop 2 floors!
  2910 | D:5      | Entered Level 5 of the Dungeon
  2920 | D:5      | Noticed Edmund
  2921 | D:5      | Noticed an ice beast
  2926 | D:4      | Found a glowing silver altar of Zin.
  3456 | D:4      | Reached skill level 7 in Axes
  3595 | D:4      | Found a runed translucent gate.
  3595 | D:4      | Found a runed translucent gate.
  3595 | D:4      | Found a runed translucent gate.
  3597 | D:4      | Noticed Killmatronix's ghost (novice HuHu)
  3597 | D:4      | Noticed opoi33's ghost (weakling GrBe)
  3598 | D:4      | Noticed kipponium's ghost (amateur GnCA)
  3598 | D:4      | Noticed kMk's ghost (amateur OpTm)
  3614 | D:4      | Reached XP level 6. HP: 45/51 MP: 6/6
  3789 | D:4      | Reached skill level 8 in Axes
  4628 | D:5      | HP: 2/51 [wyvern zombie (9)]
  4930 | D:5      | Killed an ice beast
  4931 | D:5      | Reached skill level 9 in Axes
  4931 | D:5      | Reached XP level 7. HP: 47/57 MP: 7/7
  5103 | D:5      | Found a transporter.
  5519 | D:5      | Reached skill level 10 in Axes
  5847 | D:5      | Reached skill level 11 in Axes
  5988 | D:5      | Found a transporter.
  5988 | D:5      | Noticed opoi33's ghost (novice GrBe)
  6034 | D:5      | Reached XP level 8. HP: 28/64 MP: 8/8
  6309 | D:5      | Mangled by Edmund

Illustrated notes

Levels and vault maps discovered:
D:1:      erik_arrival_cave_to_civilisation [erik_arrival_cave_to_temple],
          layout_loops_ring, hellmonk_ecumenical_altar_crossroads,
          nicolae_concentric_dashed_squares_wild, minmay_tromino_i2
D:2:      layout_basic, uniq_natasha
D:3:      layout_loops_corners
D:4:      layout_basic, nicolae_overflow_hidden_temple,
          gammafunk_ghost_cemetery, kennysheep_small_circle
D:5:      due_chaos_kobolds, layout_rooms, gammafunk_ghost_arena,
          kennysheep_boxes, uniq_edmund

Skill      XL: |  1  2  3  4  5  6  7 |
---------------+----------------------+-----
Axes           | 3 6 7 9 11 | 11.6
Shields        | 4 |  4.0
Fighting       | |  3.6
Armour         | |  3.2

Action                   |  1- 3 |  4- 6 |  7- 9 || total
-------------------------+-------+-------+-------++-------
Melee: War axe           |    86 |   141 |    88 ||   315
  Use: Scroll            |       |     9 |     2 ||    11
Armor: Scale mail        |    36 |    52 |    21 ||   109
Dodge: Dodged            |    44 |    55 |    35 ||   134
Block: Buckler           |    22 |    23 |    13 ||    58

Table legend: (Time is in decaauts)
 A = Elapsed time spent in this place.
 B = Non-inter-level travel time spent in this place.
 C = Inter-level travel time spent in this place.
 D = Time resting spent in this place.
 E = Time spent auto-exploring this place.
 F = Levels seen in this place.
 G = Mean time per level.
                   A        B        C        D        E       F      G
               +--------+--------+--------+--------+--------+-----+--------+
         Total |   6360 |   6208 |    152 |   1824 |   3744 |   5 | 1272.0 |
       Dungeon |   6360 |   6208 |    152 |   1824 |   3744 |   5 | 1272.0 |
               +--------+--------+--------+--------+--------+-----+--------+

Top non-repeatable levels by time:
     D:4: 1858 daAuts
     D:5: 1257 daAuts
     D:2: 1224 daAuts
     D:1: 1127 daAuts
     D:3: 892 daAuts
